 Dungeon Crawl Stone Soup version 0.30-a0-728-gc68057be0a (webtiles) character file.

Game seed: 8682724795932590782

105 browni3141 the Digger (level 5, 0/38 HPs)
             Began as a Human Earth Elementalist on Jan 30, 2023.
             Slain by an orc
             ... wielding a +0 trident
              (6 damage)
             ... on level 3 of the Dungeon.
             The game lasted 00:04:32 (2166 turns).

browni3141 the Digger (Human Earth Elementalist)    Turns: 2166, Time: 00:04:33

Health: 0/38       AC:  3    Str:  8    XL:     5   Next: 9%
Magic:  7/8        EV: 12    Int: 18    God:
Gold:   111        SH:  0    Dex: 13    Spells: 2/8 levels left

rFire   . . .      SeeInvis .    l - staff of earth
rCold   . . .      Faith    .    (no shield)
rNeg    . . .      Spirit   .    a - +0 robe
rPois   .          Reflect  .    (no helmet)
rElec   .          Harm     .    (no cloak)
rCorr   .          Rampage  .    (no gloves)
Will    .....                    u - +0 pair of boots
Stlth   ++                       e - amulet of regeneration
HPRegen 1.06/turn                (no ring)
MPRegen 0.11/turn                (no ring)

@: no status effects
A: no striking features
a: no special abilities


You were on level 3 of the Dungeon.
You visited 1 branch of the dungeon, and saw 3 of its levels.

You collected 111 gold pieces.

Inventory:

Hand Weapons
 c - a +0 whip
 g - a +0 dagger
Armour
 a - a +0 robe (worn)
 u - a +0 pair of boots (worn)
Magical Staves
 l - a staff of earth (weapon)
Jewellery
 e - an amulet of regeneration (around neck)
Scrolls
 i - 2 scrolls of teleportation
 m - a scroll of magic mapping
 n - a scroll of noise
 o - 2 scrolls of silence {unknown}
 p - a scroll of enchant weapon {unknown}
 s - a scroll of amnesia
Potions
 b - a potion of magic
 d - a potion of degeneration
 f - a potion of flight {unknown}
 h - a potion of haste {unknown}
 j - a potion of might {unknown}
 k - a potion of mutation {unknown}
 q - a potion of curing
 r - a potion of heal wounds {unknown}
 t - 2 potions of brilliance {unknown}
 v - a potion of attraction {unknown}


   Skills:
 - Level 2.0 Fighting
 - Level 2.0 Dodging
 - Level 2.0 Stealth
 - Level 2.0 Spellcasting
 * Level 1.1 Conjurations
 - Level 2.0 Transmutations
 * Level 4.2 Earth Magic


You had 2 spell levels left.
You knew the following spells:

 Your Spells              Type           Power      Damage    Failure   Level
a - Sandblast             Erth           50%        2d12      3%          1
b - Passwall              Tmut/Erth      15%        N/A       8%          2
c - Stone Arrow           Conj/Erth      34%        3d9       19%         3

Your spell library contained the following spells:

 Spells                   Type           Power      Damage    Failure   Level
 Petrify                  Tmut/Erth      19%        N/A       45%         4
 Summon Guardian Golem    Hex/Summ       1%         N/A       47%         3
 Orb of Destruction       Conj           2%         9d5       100%        7
 Spellforged Servitor     Conj/Summ      1%         N/A       100%        7


Dungeon Overview and Level Annotations

Branches:
Dungeon (3/15)

Altars:
Makhleb

Shops:
D:1 *


Message History

You hear some strange, mumbled words.
A puff of flame appears from out of thin air!
The puff of flame misses you.
You're too confused to move!
You feel less confused.
You hit the orc but do no damage. Something hits you.
The orc hits you but does no damage. x2
You hit the orc.
The orc is lightly wounded.
Something hits you. The orc barely misses you.
The orc hits you from afar with a +0 trident.
The orc hits you from afar with a +0 trident.
Something hits you. Something hits you.
You hear some strange, mumbled words.
You are confused.
The orc barely misses you.
You're too confused to move!
Something hits you but does no damage. The orc hits you with a +0 mace.
The orc hits you from afar with a +0 trident!
You bump into the rock wall.
The ball python barely misses you. The ball python grabs you.
The ball python constricts you. Something hits you. The orc barely misses you.
The orc closely misses you. The ball python loses its grip on you.
You completely miss the ball python. Something hits you.
The orc hits you with a +0 mace.
* * * LOW HITPOINT WARNING * * *
The orc hits you from afar with a +0 trident!
* * * LOW HITPOINT WARNING * * *
The ball python bites you but does no damage.
The ball python barely misses you.
The ball python bites you but does no damage.
The ball python barely misses you.
Unknown command.
You feel better. The ball python barely misses you.
The ball python closely misses you. Something hits you but does no damage.
The orc hits you with a +0 mace.
* * * LOW HITPOINT WARNING * * *
The orc hits you from afar with a +0 trident.
You die...

#.#.#...... #2
#...#...... ####
#........ #3#_
#)#.#.... #. ###
#.####'#+### # #. #
... #..........# #.
#.##†########.o....#
#.
#..........##S{....#
##
#..........'S@o....#
#..........##......#
#..........#########
#..........# #....#
#..........# #....#
#..........#
#....######
...........##
#....##....
............#
#....##....
.....######.#
#....##....


You could see 2 orcs and 2 ball pythons.

Vanquished Creatures
  4 adders (D:2)
  A dart slug (D:3)
  2 orcs (D:3)
  5 bats
  11 endoplasms
  2 giant cockroaches
  2 goblins
  8 hobgoblins
  A quokka (D:1)
  5 ball pythons
  14 frilled lizards
  4 kobolds (D:1)
  6 rats
65 creatures vanquished.

Vanquished Creatures (others)
  7 plants (D:1)
7 creatures vanquished.

Grand Total: 72 creatures vanquished

Notes
Turn   | Place    | Note
-------+----------+-------------------------------------------
     0 | D:1      | browni3141 the Human Earth Elementalist began the quest for
                  | the Orb.
     0 | D:1      | Reached XP level 1. HP: 13/13 MP: 3/3
    62 | D:1      | Reached skill level 1 in Fighting
   145 | D:1      | Reached XP level 2. HP: 21/21 MP: 1/5
   249 | D:1      | Learned a level 2 spell: Passwall
   326 | D:1      | Reached XP level 3. HP: 25/26 MP: 1/6
   489 | D:1      | Found Yprul's Assorted Antiques.
   681 | D:1      | Noticed a golden eye
   683 | D:1      | Found a faded altar of an unknown god.
   685 | D:1      | Noticed a golden eye
   685 | D:1      | Noticed an eye of devastation
   685 | D:1      | Noticed an eye of devastation
  1083 | D:2      | Reached XP level 4. HP: 33/33 MP: 5/7
  1210 | D:2      | Reached skill level 4 in Earth Magic
  1214 | D:2      | Learned a level 3 spell: Stone Arrow
  1819 | D:3      | Found a burning altar of Makhleb.
  1819 | D:3      | Noticed a balrug
  1822 | D:3      | Noticed a neqoxec
  1822 | D:3      | Noticed an orange demon
  1886 | D:3      | Reached XP level 5. HP: 38/38 MP: 4/8
  1993 | D:3      | Reached skill level 1 in Conjurations
  2166 | D:3      | Slain by an orc

Illustrated notes

Levels and vault maps discovered:
D:1:      ebering_trefoil_3fold, layout_rooms,
          hellmonk_ecumenical_altar_watching_god, serial_shops, shop,
          minmay_lizard_king
D:2:      layout_basic
D:3:      layout_basic, makhleb_altar_promises_db

Skill      XL: |  1  2  3  4  5 |
---------------+----------------+-----
Fighting       | 1 2 |  2.0
Transmutations | 2 |  2.0
Earth Magic    | 4 |  4.2
Conjurations   | 1 |  1.1
Dodging        | |  2.0
Stealth        | |  2.0
Spellcasting   | |  2.0

Action                     |  1- 3 |  4- 6 || total
---------------------------+-------+-------++-------
  Melee: Whip              |     4 |       ||     4
         Dagger            |    22 |       ||    22
         Punch             |     1 |       ||     1
         Staff             |       |    14 ||    14
   Cast: Sandblast         |    41 |    34 ||    75
    Use: Scroll            |     1 |     5 ||     6
         Potion            |       |     1 ||     1
 Armour: Robe              |     7 |    13 ||    20
  Dodge: Dodged            |    22 |    29 ||    51

Table legend: (Time is in decaauts)
 A = Elapsed time spent in this place.
 B = Non-inter-level travel time spent in this place.
 C = Inter-level travel time spent in this place.
 D = Time resting spent in this place.
 E = Time spent auto-exploring this place.
 F = Levels seen in this place.
 G = Mean time per level.
                   A        B        C        D        E       F      G
               +--------+--------+--------+--------+--------+-----+--------+
         Total |   2204 |   2082 |    122 |      3 |   1617 |   3 |  734.7 |
       Dungeon |   2204 |   2082 |    122 |      3 |   1617 |   3 |  734.7 |
               +--------+--------+--------+--------+--------+-----+--------+

Top non-repeatable levels by time:
     D:1: 951 daAuts
     D:2: 728 daAuts
     D:3: 525 daAuts
